 Dungeon Crawl Stone Soup version 0.20-a0-1015-g2ec8a95 (webtiles) character file.

29 Monsterracer the Conjurer (level 3, -1/19 HPs)
             Began as a Tengu Conjurer on Apr 15, 2017.
             Slain by an adder (4 damage)
             ... on level 2 of the Dungeon.
             The game lasted 00:03:48 (1365 turns).

Monsterracer the Conjurer (Tengu Conjurer)          Turns: 1365, Time: 00:03:49

Health: -1/19      AC:  2    Str:  3 (6)  XL:     3   Next: 16%
Magic:  0/7        EV: 12    Int: 14 (16) God:
Gold:   94         SH:  0    Dex: 13 (14) Spells: 3/6 levels left

rFire    . . .     SeeInvis .   d - +0 dagger
rCold    . . .     Gourm    .   (no shield)
rNeg     . . .     Faith    .   a - +0 robe
rPois    .         Spirit   .   (helmet restricted)
rElec    .         Reflect  .   (no cloak)
rCorr    .         Harm     .   (no gloves)
MR       .....                  (boots unavailable)
Stlth    ++........             (no amulet)
Regen    0.1/turn               l - -2 ring of strength (curse)
MPRegen  0.1/turn               m - +1 ring of slaying

@: no status effects
A: beak, talons 3
a: no special abilities


You were on level 2 of the Dungeon.
You were not hungry.

You visited 1 branch of the dungeon, and saw 2 of its levels.

You collected 94 gold pieces.

Inventory:

Hand Weapons
 d - a +0 dagger (weapon)
Armour
 a - a +0 robe (worn)
Jewellery
 l - a cursed -2 ring of strength (left hand)
 m - a +1 ring of slaying (right hand)
Scrolls
 e - 2 scrolls of teleportation {unknown}
 g - a scroll of fear {unknown}
 h - a scroll of identify {unknown}
 i - a scroll of noise {unknown}
 j - a scroll of remove curse {unknown}
Books
 b - a book of Conjurations

   Spells                             Type                      Level
   a - Magic Dart                     Conjuration                  1
   b - Searing Ray                    Conjuration                  2
   c - Dazzling Spray                 Conjuration/Hexes            3
   d - Fulminant Prism                Conjuration/Hexes            4
   e - Force Lance                    Conjuration/Translocation    4
   f - Iskenderun's Mystic Blast      Conjuration                  4
Comestibles
 c - 2 bread rations
 f - a meat ration
 k - a royal jelly
 n - a chunk of flesh


   Skills:
 - Level 2.1 Dodging
 - Level 2.0 Stealth
 - Level 2.0 Spellcasting
 + Level 6.6 Conjurations


You had 3 spell levels left.
You knew the following spells:

 Your Spells              Type           Power        Failure   Level  Hunger
a - Magic Dart            Conj           ###.         1%          1    ##.....
b - Searing Ray           Conj           ###...       2%          2    ###....


Dungeon Overview and Level Annotations

Branches:
Dungeon (2/15)

Altars:
Uskayaw
Lugonu


Innate Abilities, Weirdness & Mutations

You have a beak for a mouth.
You have claws for feet.


Message History

The adder is severely wounded.
The adder bites you.
You hit the adder but do no damage. Your peck misses the adder.
The adder is severely wounded.
The adder closely misses you.
You hit the adder. Your peck misses the adder.
The adder is almost dead.
The adder bites you.
* * * LOW HITPOINT WARNING * * *
The adder closely misses you.
You closely miss the adder.
The adder is almost dead.
The adder bites you but does no damage.
You hit the adder but do no damage.
The adder is almost dead.
The adder bites you but does no damage.
You barely miss the adder.
The adder is almost dead.
The adder bites you.
You die...

.. ..# #.#.....#..# #
#.###.....##### #.#
#.........#
####.###..######..
###.........#
##...........####
#...............#
........S.....##..##
........@.....# #..#####
..............# #..#..
..............# ##.'..
..............# ###..#..
#.............####..#####
##..........#.##..###
############...### #####


You could see an adder.

Vanquished Creatures
  An adder (D:2)
  4 goblins (D:1)
  6 hobgoblins
  3 bats
  4 rats
18 creatures vanquished.

Notes
Turn   | Place    | Note
-------+----------+-------------------------------------------
     0 | D:1      | Monsterracer the Tengu Conjurer began the quest for the Orb.
     0 | D:1      | Reached XP level 1. HP: 10/10 MP: 4/4
   193 | D:1      | Reached XP level 2. HP: 11/15 MP: 1/6
   197 | D:1      | Learned a level 2 spell: Searing Ray
   375 | D:1      | Reached skill level 6 in Conjurations
   976 | D:2      | Found a hide-covered altar of Uskayaw.
  1115 | D:2      | Found a faded altar of an unknown god.
  1117 | D:2      | Became a worshipper of Lugonu the Unformed
  1117 | D:2      | Reached * piety under Lugonu
  1117 | D:2      | Reached ** piety under Lugonu
  1118 | D:2      | Fell from the grace of Lugonu
  1333 | D:2      | Reached XP level 3. HP: 19/19 MP: 2/7
  1365 | D:2      | Slain by an adder

Vault maps used:
D:1:      elethiomel_arrival_quiet
D:2:      eat_drink_and_be_merry_uskayaw, minitemple, first_bread,
          chequers_ecumenical_altar_twisty, grunt_decor_clamped

Skill      XL: |  1  2 |
---------------+-------+-----
Conjurations   | 6 |  6.6
Dodging        | |  2.1
Stealth        | |  2.0
Spellcasting   | |  2.0

Action                   || total
-------------------------++-------
Melee: Unarmed           ||     5
       Dagger            ||    11
       Peck              ||     1
 Cast: Magic Dart        ||    44
Invok: Renounce Religion ||     1
  Use: Potion            ||     3
  Eat: Chunk             ||     2
Armor: Robe              ||     8
Dodge: Dodged            ||     9
